General information
- name: BNet
- type: Ladder team game (AT/RT)
- host: Battle.net
- saver: BEAR_AND
map: Friends
- players: 8
- length: 24:06
- speed: Fast
- version: 1.21 W3XP
- replay type:

» download(219 KB)
Players
team 1 (loser)
BBallinjon (
red | 34 APM | 825 actions | 24:04)
3 Firelord
2 Summon Lava Spawn
1 Soul Burn
» actions
| Basic commands | 90 | |
| Build / train | 29 | |
| Enter build submenu | 13 | |
| Enter hero's abilities submenu | 3 | |
| Right click | 421 | |
| Select / deselect | 230 | |
| Use ability | 39 | |
825 total
» units
» upgrades
» buildings
| Altar of Kings | 1 | |
| Farm | 2 | |
| Lumber Mill | 1 | |
| Arcane Vault | 1 | |
| Scout Tower | 1 | |
| Guard Tower | 1 | |
| Keep | 1 | |
| Castle | 1 | |
| Blacksmith | 1 | |
| Workshop | 4 | |
14 total
» build order
01:06 Altar of Kings
01:11 Farm
08:23 Lumber Mill
11:21 Arcane Vault
11:27 Farm
15:54 Scout Tower
17:00 Guard Tower
17:07 Keep
19:31 Castle
20:44 Blacksmith
22:39 Workshop
22:41 Workshop
22:43 Workshop
22:48 Workshop
» items
| Scroll of Regeneration | 1 | |
| Lesser Clarity Potion | 4 | |
| Healing Salve | 1 | |
6 total
D3STRUCTION (
blue | 65 APM | 1553 actions | 23:44)
2 Firelord
1 Summon Lava Spawn
1 Soul Burn
» actions
| Assign group hotkey | 110 | |
| Basic commands | 50 | |
| Build / train | 34 | |
| ESC pressed | 1 | |
| Enter build submenu | 32 | |
| Enter hero's abilities submenu | 2 | |
| Right click | 789 | |
| Select / deselect | 253 | |
| Select group hotkey | 161 | |
| Use ability | 121 | |
1553 total
» units
| Peon | 15 | |
| Demolisher | 2 | |
| Goblin Zeppelin | 1 | |
| Goblin Shredder | 1 | |
19 total
» upgrades
| Armor | 1 | |
| Reinforced Defenses | 1 | |
2 total
» buildings
| Altar of Storms | 1 | |
| Orc Burrow | 3 | |
| Voodoo Lounge | 3 | |
| War Mill | 2 | |
| Stronghold | 2 | |
| Watch Tower | 20 | |
| Barracks | 1 | |
| Fortress | 2 | |
| Great Hall | 1 | |
35 total
» build order
01:55 Altar of Storms
02:22 Orc Burrow
06:21 Voodoo Lounge
06:44 War Mill
07:30 Voodoo Lounge
10:13 Stronghold
10:13 Stronghold
11:38 Voodoo Lounge
12:02 Watch Tower
12:03 Watch Tower
12:06 Watch Tower
12:12 Watch Tower
12:16 Watch Tower
12:20 Watch Tower
13:52 Watch Tower
13:53 Watch Tower
13:54 Watch Tower
13:55 Watch Tower
13:57 Watch Tower
14:10 Barracks
14:36 War Mill
15:44 Orc Burrow
16:37 Orc Burrow
18:50 Watch Tower
18:50 Watch Tower
18:51 Watch Tower
18:52 Watch Tower
18:53 Watch Tower
18:55 Fortress
18:55 Fortress
18:58 Watch Tower
18:59 Watch Tower
19:03 Watch Tower
19:49 Great Hall
20:57 Watch Tower
» items
| Lesser Clarity Potion | 2 | |
| Healing Salve | 2 | |
| Scroll of Speed | 1 | |
| Scroll of Town Portal | 1 | |
6 total
Micro] (
purple | 47 APM | 1117 actions | 23:52)
2 Firelord
1 Summon Lava Spawn
1 Soul Burn
1 Pit Lord
1 Rain of Fire
» actions
| Assign group hotkey | 13 | |
| Basic commands | 10 | |
| Build / train | 60 | |
| Enter build submenu | 21 | |
| Enter hero's abilities submenu | 3 | |
| Remove unit from queue | 1 | |
| Right click | 529 | |
| Select / deselect | 331 | |
| Select group hotkey | 103 | |
| Use ability | 46 | |
1117 total
» units
| Wisp | 17 | |
| Archer | 6 | |
| Glaive Thrower | 4 | |
| Chimaera | 8 | |
| Hippogryph | 8 | |
43 total
» upgrades
| Strength of the Moon | 1 | |
| Strength of the Wild | 1 | |
| Corrosive Breath | 1 | |
| Nature's Blessing | 1 | |
| Reinforced Hides | 1 | |
5 total
» buildings
| Moon Well | 7 | |
| Ancient of War | 3 | |
| Altar of Elders | 1 | |
| Hunter's Hall | 1 | |
| Ancient Protector | 5 | |
| Tree of Ages | 1 | |
| Tree of Eternity | 1 | |
| Ancient of Wind | 1 | |
| Chimaera Roost | 3 | |
23 total
» build order
00:24 Moon Well
00:49 Ancient of War
00:50 Ancient of War
00:58 Altar of Elders
01:10 Ancient of War
01:41 Moon Well
02:51 Moon Well
03:42 Hunter's Hall
06:54 Ancient Protector
06:58 Ancient Protector
07:02 Ancient Protector
09:03 Tree of Ages
09:15 Moon Well
11:24 Tree of Eternity
11:28 Ancient of Wind
13:49 Chimaera Roost
13:53 Chimaera Roost
13:55 Chimaera Roost
14:04 Moon Well
14:45 Ancient Protector
14:49 Ancient Protector
15:43 Moon Well
17:40 Moon Well
» items
MMA (
teal | 102 APM | 2418 actions | 23:48)
5 Firelord
3 Summon Lava Spawn
2 Soul Burn
» actions
| Assign group hotkey | 433 | |
| Basic commands | 210 | |
| Build / train | 98 | |
| ESC pressed | 1 | |
| Enter build submenu | 31 | |
| Enter hero's abilities submenu | 5 | |
| Give item / drop item | 1 | |
| Right click | 760 | |
| Select / deselect | 312 | |
| Select group hotkey | 463 | |
| Use ability | 104 | |
2418 total
» units
| Peasant | 8 | |
| Footman | 12 | |
| Rifleman | 6 | |
| Siege Engine | 6 | |
| Mortar Team | 3 | |
35 total
» upgrades
| Defend | 1 | |
| Long Rifles | 1 | |
| Lumber Harvesting | 2 | |
| Masonry | 3 | |
| Gunpowder | 4 | |
| Plating | 2 | |
| Barrage | 1 | |
| Fragmentation Shards | 1 | |
| Flare | 1 | |
16 total
» buildings
| Altar of Kings | 1 | |
| Farm | 11 | |
| Barracks | 3 | |
| Arcane Vault | 2 | |
| Lumber Mill | 2 | |
| Keep | 1 | |
| Blacksmith | 1 | |
| Scout Tower | 7 | |
| Arcane Tower | 2 | |
| Guard Tower | 7 | |
| Castle | 1 | |
| Workshop | 3 | |
41 total
» build order
00:24 Altar of Kings
00:28 Farm
00:52 Barracks
00:54 Barracks
00:58 Barracks
01:36 Farm
01:40 Farm
01:43 Farm
01:53 Farm
02:05 Arcane Vault
02:19 Farm
03:36 Farm
03:42 Farm
03:42 Farm
04:45 Farm
04:48 Lumber Mill
05:09 Keep
05:12 Blacksmith
06:43 Scout Tower
07:52 Arcane Tower
08:12 Guard Tower
08:17 Guard Tower
09:01 Castle
09:03 Scout Tower
09:04 Scout Tower
09:51 Guard Tower
10:54 Workshop
10:55 Guard Tower
11:29 Scout Tower
11:30 Scout Tower
12:27 Workshop
12:29 Workshop
12:36 Guard Tower
12:39 Scout Tower
13:10 Arcane Tower
13:23 Guard Tower
13:27 Scout Tower
14:06 Guard Tower
14:08 Arcane Vault
19:07 Lumber Mill
» items
| Scroll of Regeneration | 6 | |
| Healing Salve | 2 | |
| Lesser Clarity Potion | 2 | |
| Ivory Tower | 3 | |
| Scroll of Speed | 1 | |
| Scroll of Town Portal | 2 | |
| Staff of Sanctuary | 1 | |
| Potion of Healing | 1 | |
18 total
team 2 (winner)
BEAR_AND (
green | 116 APM | 2805 actions | 24:06)
4 Archmage
2 Blizzard
2 Brilliance Aura
3 Blood Mage
2 Flame Strike
1 Siphon Mana
3 Pit Lord
2 Rain of Fire
1 Cleaving Attack
» actions
| Assign group hotkey | 3 | |
| Build / train | 102 | |
| Enter build submenu | 52 | |
| Enter hero's abilities submenu | 10 | |
| Give item / drop item | 2 | |
| Remove unit from queue | 2 | |
| Right click | 1807 | |
| Select / deselect | 302 | |
| Select group hotkey | 342 | |
| Use ability | 181 | |
2805 total
» units
| Peasant | 15 | |
| Sorceress | -1 | |
| Priest | 1 | |
| Goblin Shredder | 1 | |
16 total
» upgrades
» buildings
| Altar of Kings | 1 | |
| Farm | 4 | |
| Lumber Mill | 1 | |
| Scout Tower | 106 | |
| Guard Tower | 49 | |
| Keep | 2 | |
| Arcane Tower | 2 | |
| Castle | 1 | |
| Arcane Sanctum | 1 | |
| Arcane Vault | 3 | |
| Town Hall | 1 | |
171 total
» build order
00:10 Altar of Kings
00:18 Farm
00:30 Lumber Mill
00:53 Scout Tower
00:55 Farm
01:40 Guard Tower
01:42 Scout Tower
02:11 Scout Tower
02:28 Guard Tower
02:43 Scout Tower
02:46 Scout Tower
02:53 Guard Tower
02:54 Scout Tower
03:24 Guard Tower
03:24 Guard Tower
03:26 Scout Tower
03:34 Guard Tower
03:36 Scout Tower
03:37 Scout Tower
03:37 Scout Tower
03:58 Guard Tower
03:58 Guard Tower
03:59 Guard Tower
04:03 Scout Tower
04:39 Guard Tower
04:39 Guard Tower
04:43 Scout Tower
05:09 Scout Tower
05:30 Guard Tower
05:31 Guard Tower
05:38 Guard Tower
05:39 Keep
05:39 Keep
05:40 Scout Tower
05:40 Scout Tower
05:41 Scout Tower
05:41 Scout Tower
05:41 Scout Tower
06:08 Arcane Tower
06:12 Scout Tower
06:12 Scout Tower
06:13 Scout Tower
06:14 Scout Tower
06:14 Scout Tower
06:20 Scout Tower
06:21 Scout Tower
06:21 Scout Tower
06:22 Scout Tower
06:23 Scout Tower
06:23 Scout Tower
06:24 Scout Tower
06:25 Scout Tower
06:25 Scout Tower
06:26 Scout Tower
06:26 Scout Tower
06:36 Guard Tower
06:41 Farm
06:42 Farm
07:15 Guard Tower
07:19 Guard Tower
07:45 Guard Tower
07:58 Guard Tower
08:00 Scout Tower
08:01 Scout Tower
08:02 Scout Tower
08:03 Scout Tower
08:03 Scout Tower
08:04 Guard Tower
08:32 Guard Tower
08:33 Scout Tower
08:35 Scout Tower
08:35 Scout Tower
09:13 Guard Tower
09:28 Guard Tower
09:44 Guard Tower
09:53 Guard Tower
10:50 Castle
10:53 Guard Tower
10:59 Guard Tower
11:11 Scout Tower
11:13 Scout Tower
11:13 Scout Tower
11:14 Scout Tower
11:41 Guard Tower
12:25 Guard Tower
12:29 Arcane Sanctum
12:35 Guard Tower
12:56 Arcane Vault
13:23 Town Hall
13:42 Guard Tower
14:34 Scout Tower
14:35 Scout Tower
14:36 Scout Tower
14:36 Scout Tower
14:37 Scout Tower
14:37 Scout Tower
14:39 Scout Tower
14:39 Scout Tower
14:40 Scout Tower
15:14 Arcane Vault
15:18 Guard Tower
16:00 Scout Tower
16:01 Scout Tower
16:02 Scout Tower
16:03 Scout Tower
16:04 Scout Tower
16:04 Scout Tower
16:44 Arcane Tower
16:45 Guard Tower
16:45 Guard Tower
17:08 Arcane Vault
17:10 Guard Tower
17:49 Guard Tower
17:58 Guard Tower
18:01 Scout Tower
18:02 Scout Tower
18:02 Scout Tower
18:03 Scout Tower
18:03 Scout Tower
18:05 Scout Tower
18:05 Scout Tower
19:03 Scout Tower
19:04 Scout Tower
19:05 Scout Tower
19:06 Scout Tower
19:06 Scout Tower
19:07 Scout Tower
19:09 Guard Tower
19:29 Guard Tower
19:33 Guard Tower
20:26 Guard Tower
20:30 Scout Tower
20:31 Scout Tower
20:31 Scout Tower
20:32 Scout Tower
20:32 Scout Tower
20:33 Scout Tower
21:13 Guard Tower
21:17 Scout Tower
21:17 Scout Tower
21:19 Scout Tower
21:20 Scout Tower
21:21 Scout Tower
21:22 Scout Tower
21:22 Scout Tower
21:23 Scout Tower
21:40 Guard Tower
21:43 Scout Tower
21:43 Scout Tower
21:44 Scout Tower
21:45 Scout Tower
21:46 Scout Tower
21:46 Scout Tower
21:47 Scout Tower
21:48 Scout Tower
21:49 Scout Tower
21:49 Scout Tower
21:50 Scout Tower
21:50 Scout Tower
22:22 Guard Tower
23:38 Guard Tower
23:40 Guard Tower
23:44 Scout Tower
23:45 Scout Tower
23:45 Scout Tower
23:46 Scout Tower
23:47 Scout Tower
23:47 Scout Tower
» items
| Healing Salve | 2 | |
| Lesser Clarity Potion | 2 | |
| Scroll of Regeneration | 1 | |
| Staff of Sanctuary | 3 | |
| Scroll of Town Portal | 1 | |
| Inferno Stone | 1 | |
10 total
Gobiner (
pink | 59 APM | 1412 actions | 24:05)
4 Blademaster
2 Wind Walk
2 Critical Strike
» actions
| Assign group hotkey | 12 | |
| Basic commands | 2 | |
| Build / train | 61 | |
| ESC pressed | 13 | |
| Enter build submenu | 77 | |
| Enter hero's abilities submenu | 4 | |
| Give item / drop item | 3 | |
| Right click | 523 | |
| Select / deselect | 228 | |
| Select group hotkey | 296 | |
| Use ability | 193 | |
1412 total
» units
» upgrades
| Spiked Barricades | 1 | |
| Liquid Fire | 1 | |
| Reinforced Defenses | 1 | |
| Ranged Weapons | 1 | |
4 total
» buildings
| Altar of Storms | 1 | |
| Orc Burrow | 4 | |
| War Mill | 1 | |
| Voodoo Lounge | 3 | |
| Watch Tower | 53 | |
| Stronghold | 1 | |
| Fortress | 1 | |
| Beastiary | 2 | |
66 total
» build order
00:13 Altar of Storms
00:25 Orc Burrow
00:43 War Mill
01:25 Voodoo Lounge
01:58 Watch Tower
02:00 Watch Tower
02:13 Orc Burrow
02:42 Watch Tower
02:52 Watch Tower
03:24 Watch Tower
03:36 Watch Tower
03:39 Watch Tower
03:42 Watch Tower
04:25 Stronghold
04:29 Watch Tower
05:02 Watch Tower
05:19 Watch Tower
05:25 Watch Tower
05:38 Watch Tower
05:47 Watch Tower
06:01 Watch Tower
07:01 Fortress
07:04 Beastiary
07:05 Beastiary
07:18 Watch Tower
07:56 Watch Tower
08:52 Watch Tower
08:53 Watch Tower
09:00 Orc Burrow
09:01 Orc Burrow
09:13 Watch Tower
10:17 Watch Tower
10:17 Watch Tower
10:36 Watch Tower
10:37 Watch Tower
10:43 Watch Tower
10:46 Watch Tower
10:55 Watch Tower
11:42 Watch Tower
11:45 Watch Tower
11:47 Watch Tower
12:51 Watch Tower
13:36 Watch Tower
13:40 Watch Tower
13:44 Watch Tower
14:45 Watch Tower
14:47 Watch Tower
14:51 Watch Tower
16:05 Watch Tower
16:06 Watch Tower
16:46 Watch Tower
16:47 Watch Tower
18:20 Watch Tower
18:21 Watch Tower
18:25 Watch Tower
19:55 Watch Tower
19:56 Watch Tower
20:09 Watch Tower
21:18 Watch Tower
21:20 Watch Tower
21:21 Watch Tower
22:32 Watch Tower
22:37 Watch Tower
22:38 Watch Tower
23:49 Voodoo Lounge
23:50 Voodoo Lounge
» items
| Lesser Clarity Potion | 5 | |
| Healing Salve | 5 | |
| Orb of Lightning | 1 | |
11 total
Iceberg-Slim (
yellow | 97 APM | 2348 actions | 24:05)
4 Keeper of the Grove
2 Entangling Roots
2 Thorns Aura
3 Naga Sea Witch
2 Frost Arrows
1 Forked Lightning
1 Priestess of the Moon
1 Trueshot Aura
» actions
| Assign group hotkey | 2 | |
| Basic commands | 278 | |
| Build / train | 82 | |
| Enter build submenu | 21 | |
| Enter hero's abilities submenu | 8 | |
| Give item / drop item | 1 | |
| Right click | 1351 | |
| Select / deselect | 326 | |
| Select group hotkey | 194 | |
| Use ability | 85 | |
2348 total
» units
» upgrades
| Strength of the Wild | 2 | |
| Reinforced Hides | 2 | |
| Ultravision | 1 | |
| Well Spring | 1 | |
6 total
» buildings
| Altar of Elders | 2 | |
| Moon Well | 9 | |
| Ancient of Wonders | 3 | |
| Tree of Life | 2 | |
| Hunter's Hall | 1 | |
| Tree of Ages | 1 | |
| Ancient Protector | 2 | |
| Tree of Eternity | 1 | |
| Ancient of Wind | 1 | |
22 total
» build order
00:06 Altar of Elders
00:19 Moon Well
01:02 Moon Well
02:09 Moon Well
03:40 Ancient of Wonders
06:18 Altar of Elders
08:08 Moon Well
09:22 Tree of Life
09:50 Moon Well
12:53 Hunter's Hall
13:38 Tree of Ages
14:00 Ancient Protector
16:16 Tree of Life
17:08 Ancient Protector
17:52 Tree of Eternity
19:09 Ancient of Wonders
20:23 Moon Well
20:26 Moon Well
21:07 Ancient of Wind
21:26 Ancient of Wonders
22:18 Moon Well
22:20 Moon Well
» items
| Lesser Clarity Potion | 2 | |
| Healing Salve | 1 | |
| Orb of Venom | 1 | |
4 total
TIMG4STRok (
orange | 93 APM | 2247 actions | 24:05)
3 Archmage
2 Blizzard
1 Brilliance Aura
1 Mountain King
1 Storm Bolt
» actions
| Assign group hotkey | 4 | |
| Basic commands | 41 | |
| Build / train | 101 | |
| ESC pressed | 8 | |
| Enter build submenu | 105 | |
| Enter hero's abilities submenu | 4 | |
| Right click | 1090 | |
| Select / deselect | 341 | |
| Select group hotkey | 328 | |
| Use ability | 225 | |
2247 total
» units
| Peasant | 33 | |
| Dragonhawk Rider | 3 | |
36 total
» upgrades
| Masonry | 2 | |
| Lumber Harvesting | 1 | |
| Magic Sentry | 1 | |
4 total
» buildings
| Altar of Kings | 1 | |
| Farm | 6 | |
| Lumber Mill | 2 | |
| Scout Tower | 106 | |
| Arcane Tower | 3 | |
| Guard Tower | 47 | |
| Town Hall | 1 | |
| Keep | 1 | |
| Arcane Sanctum | 1 | |
| Gryphon Aviary | 4 | |
| Arcane Vault | 1 | |
173 total
» build order
00:09 Altar of Kings
00:31 Farm
00:52 Lumber Mill
01:17 Scout Tower
01:48 Arcane Tower
02:00 Farm
02:27 Scout Tower
02:32 Scout Tower
02:59 Guard Tower
03:01 Guard Tower
03:10 Scout Tower
03:39 Scout Tower
03:39 Scout Tower
03:42 Scout Tower
03:54 Arcane Tower
03:56 Scout Tower
04:07 Scout Tower
04:24 Scout Tower
04:49 Guard Tower
04:54 Scout Tower
05:12 Guard Tower
05:14 Scout Tower
05:15 Scout Tower
05:31 Arcane Tower
05:32 Scout Tower
05:35 Scout Tower
05:36 Scout Tower
05:39 Guard Tower
05:40 Farm
05:47 Scout Tower
05:48 Scout Tower
06:17 Guard Tower
06:43 Guard Tower
06:47 Scout Tower
06:48 Scout Tower
07:20 Guard Tower
07:25 Guard Tower
07:26 Scout Tower
07:27 Scout Tower
07:28 Scout Tower
07:46 Scout Tower
07:46 Scout Tower
07:51 Scout Tower
07:53 Scout Tower
08:00 Scout Tower
08:01 Scout Tower
08:10 Guard Tower
08:31 Scout Tower
08:31 Scout Tower
09:13 Guard Tower
09:23 Scout Tower
09:24 Scout Tower
09:25 Guard Tower
10:19 Guard Tower
10:51 Guard Tower
10:53 Lumber Mill
11:03 Scout Tower
11:03 Scout Tower
11:06 Scout Tower
11:07 Scout Tower
11:07 Scout Tower
11:12 Scout Tower
11:13 Scout Tower
11:13 Scout Tower
11:13 Scout Tower
11:14 Scout Tower
11:44 Guard Tower
12:04 Guard Tower
12:13 Scout Tower
12:13 Scout Tower
12:14 Scout Tower
12:15 Scout Tower
12:16 Scout Tower
12:23 Scout Tower
12:24 Scout Tower
12:42 Guard Tower
12:44 Scout Tower
12:44 Scout Tower
12:45 Scout Tower
12:49 Farm
12:50 Farm
12:52 Farm
12:57 Scout Tower
13:00 Scout Tower
13:02 Scout Tower
13:07 Guard Tower
13:07 Guard Tower
13:28 Guard Tower
13:32 Guard Tower
13:35 Scout Tower
13:36 Scout Tower
13:37 Scout Tower
13:41 Guard Tower
13:43 Scout Tower
13:44 Scout Tower
14:18 Guard Tower
14:20 Scout Tower
14:21 Scout Tower
14:22 Scout Tower
14:23 Scout Tower
14:23 Scout Tower
14:49 Town Hall
14:55 Guard Tower
14:58 Scout Tower
14:58 Scout Tower
14:59 Scout Tower
15:00 Scout Tower
15:03 Scout Tower
15:04 Scout Tower
15:04 Scout Tower
15:13 Guard Tower
15:34 Guard Tower
15:36 Guard Tower
15:45 Guard Tower
15:46 Keep
16:13 Guard Tower
16:24 Scout Tower
16:24 Scout Tower
16:27 Guard Tower
16:33 Guard Tower
16:57 Scout Tower
16:57 Scout Tower
16:58 Scout Tower
17:06 Scout Tower
17:07 Scout Tower
17:07 Scout Tower
17:09 Scout Tower
17:09 Scout Tower
17:25 Guard Tower
17:27 Scout Tower
17:28 Scout Tower
17:33 Guard Tower
17:34 Guard Tower
17:35 Scout Tower
17:37 Scout Tower
17:39 Scout Tower
17:41 Scout Tower
17:45 Guard Tower
17:55 Guard Tower
18:05 Guard Tower
18:59 Guard Tower
19:01 Arcane Sanctum
19:04 Guard Tower
19:11 Gryphon Aviary
19:12 Gryphon Aviary
19:13 Gryphon Aviary
19:15 Gryphon Aviary
19:19 Arcane Vault
19:24 Scout Tower
19:24 Scout Tower
19:25 Scout Tower
19:29 Guard Tower
19:31 Scout Tower
19:31 Scout Tower
19:32 Scout Tower
20:04 Scout Tower
20:05 Scout Tower
20:20 Guard Tower
20:23 Guard Tower
21:14 Guard Tower
21:15 Scout Tower
21:21 Scout Tower
21:23 Scout Tower
21:23 Scout Tower
21:25 Scout Tower
21:30 Guard Tower
21:39 Scout Tower
21:41 Scout Tower
22:05 Scout Tower
22:06 Scout Tower
22:13 Guard Tower
22:53 Guard Tower
23:33 Guard Tower
» items
| Healing Salve | 1 | |
| Inferno Stone | 1 | |
| Staff of Sanctuary | 1 | |
3 total
Chat log
(00:25 / All) TIMG4STRok: something is going on let me smell your dick
(00:31 / All) Gobiner: so wat u need to do is lemme smell yo dick
(00:42 / All) Micro]: STFU GG
(00:50 / Allies) Gobiner: towering chokes or bases
(02:07 / All) TIMG4STRok: good lucker
(02:20 / All) Micro]: GG
(16:04 / All) TIMG4STRok: ROFL!
(16:07 / All) MMA: ehe
(18:08 / All) TIMG4STRok: nice
(18:26 / All) TIMG4STRok: a succesful assault
(18:40 / All) BBallinjon: no it wasnt lol
(21:01 / All) MMA: wow even 12 tanks cant take ur towers lol
(21:17 / All) TIMG4STRok: "gg"
(22:19 / Allies) Gobiner: lumber please
(23:12 / All) TIMG4STRok: whered your wells go???
(23:38 / All) Micro]: u sick fucks lol
(23:43 / All) MMA: nicely done lol
(23:49 / All) Micro]: gj gg
(23:49 / All) TIMG4STRok: quit noob shits
(23:54 / All) BEAR_AND: fuck
(23:55 / All) BEAR_AND: noobs
(23:56 / All) BEAR_AND: fuck u
(23:57 / All) TIMG4STRok: Retard noobs
(23:58 / All) BEAR_AND: i hate
(23:59 / All) BEAR_AND: noobs
(23:59 / All) TIMG4STRok: no
(24:00 / All) BEAR_AND: I HATE NOOBS
(24:01 / All) BBallinjon: gg tower pussy shits lol clan towr lol
(24:02 / All) TIMG4STRok: your tanks wont win